 Dungeon Crawl Stone Soup version 0.19.1 (webtiles) character file.

70128 Patate the Imperceptible (level 14, -6/77 HPs)
             Began as a Spriggan Enchanter on Nov 26, 2016.
             Was the Champion of Dithmenos.
             Killed by the raging water
             ... invoked by a water nymph
              (38 damage)
             ... on level 2 of the Shoals on Nov 28, 2016.
             The game lasted 03:34:44 (38974 turns).

Patate the Imperceptible (Spriggan Enchanter)      Turns: 38974, Time: 03:34:44

Health: -6/77      AC:  3    Str:  8    XL:     14   Next: 92%
Magic:  27/28      EV: 31    Int: 18    God:    Dithmenos [******]
Gold:   819        SH:  0    Dex: 16    Spells: 4 memorised, 23 levels left

rFire  + . .     SeeInvis +     n - +1 dagger (venom)
rCold  . . .     Gourm    .     l - +1 robe {rF+}
rNeg   . . .     Faith    +     (shield restricted)
rPois  .         Spirit   .     (helmet restricted)
rElec  .         Reflect  .     (no cloak)
rCorr  .         Harm     .     (gloves unavailable)
MR     ++...                    (boots unavailable)
Stlth  +++++++++.               D - amulet of faith
                                i - ring of wizardry
                                h - ring of stealth

@: mesmerised, wreathed by umbra, very quick
A: unfitting armour, see invisible, herbivore 3, speed 3, slow metabolism 2
a: Shadow Step, Shadow Form, Renounce Religion


You were on level 2 of the Shoals.
You worshipped Dithmenos.
Dithmenos was exalted by your worship.
You were hungry.

You visited 6 branches of the dungeon, and saw 29 of its levels.

You collected 1299 gold pieces.
You spent 480 gold pieces at shops.

Inventory:

Hand Weapons
 n - a +1 dagger of venom (weapon)
Armour
 l - a +1 robe of fire resistance (worn)
Jewellery
 f - an uncursed ring of protection from fire
 h - a ring of stealth (left hand)
 i - a ring of wizardry (right hand)
 D - an amulet of faith (around neck)
 J - a +5 ring of protection {unknown}
Wands
 u - a wand of confusion (48/48)
 v - a wand of iceblast (0/15)
Scrolls
 a - 2 scrolls of magic mapping
 b - a scroll of identify
 m - 2 scrolls of teleportation
 o - 10 scrolls of remove curse
 q - 5 scrolls of enchant weapon
 t - 7 scrolls of amnesia
 w - 3 scrolls of fog
 y - 4 scrolls of blinking
 z - a scroll of fear
 C - 6 scrolls of recharging
 I - a scroll of summoning {unknown}
 L - 2 scrolls of enchant armour
Potions
 d - 2 potions of curing
 e - 2 potions of agility
 g - 7 potions of lignification
 j - a potion of heal wounds
 k - 2 potions of cancellation
 r - 3 potions of invisibility
 x - 3 potions of magic
 A - a potion of ambrosia
 B - a potion of resistance
 E - 6 potions of brilliance
 G - a potion of flight
 H - 2 potions of haste
Books
 c - a book of Maledictions

   Spells                             Type                      Level
   a - Corona                         Hexes                        1
   b - Ensorcelled Hibernation        Hexes/Ice                    2
   c - Confuse                        Hexes                        3
   d - Tukima's Dance                 Hexes                        3
   e - Dazzling Spray                 Conjuration/Hexes            3
 F - a book of Minor Magic

   Spells                             Type                      Level
   a - Magic Dart                     Conjuration                  1
   b - Blink                          Translocation                2
   c - Call Imp                       Summoning                    2
   d - Repel Missiles                 Charms/Air                   2
   e - Slow                           Hexes                        2
   f - Conjure Flame                  Conjuration/Fire             3
   g - Mephitic Cloud                 Conjuration/Poison/Air       3
Comestibles
 p - 9 bread rations
 s - a slice of pizza
 N - 3 fruits


   Skills:
 - Level 10.0 Fighting
 - Level 10.0 Short Blades
 - Level 15.0 Dodging
 * Level 22.6 Stealth
 - Level 9.0 Spellcasting
 - Level 9.0 Hexes
 + Level 6.8 Evocations


You had 23 spell levels left.
You knew the following spells:

 Your Spells              Type           Power        Failure   Level  Hunger
a - Corona                Hex            #####..      1%          1    None
b - Ensorcelled Hibernat  Hex/Ice        ###...       1%          2    None
c - Confuse               Hex            #####...     1%          3    None
d - Blink                 Tloc           N/A          6%          2    None


Dungeon Overview and Level Annotations

Branches:
Dungeon (15/15)            Temple (1/1) D:4            Lair (5/6) D:8
 Shoals (3/4) Lair:3        Snake (4/4) Lair:3        Slime (0/5) Lair:5
    Orc (1/2) D:11         Vaults (0/5) D:13
 Depths: D:15

Altars:
Ashenzari
Cheibriados
Dithmenos
Elyvilon
Fedhas
Gozag
Hepliaklqana
Kikubaaqudgha
Makhleb
Nemelex Xobeh
Okawaru
Qazlal
Ru
Sif Muna
Trog
Uskayaw
Vehumet
Xom
Yredelemnul
Zin
The Shining One
Beogh
Jiyva

Shops:
D:10 [   Orc:1 !

Portals:
Trove: D:10 (give +4 fire dragon scales)
Ice
Cave: Shoals:3

Annotations:
D:5 Dowan, Duvessa
D:9 exclusion: downstairs
Lair:4 exclusion: oklob plant


Innate Abilities, Weirdness & Mutations

You are very small and have problems with some larger weapons.
You are too small for most types of armour.
You have supernaturally acute eyesight. (SInv)
You are a herbivore.
You cover ground extremely quickly.
You need consume almost no food.


Message History

The faun shoots a stone.
The stone misses you.
You hear a splash.
The siren chants a haunting song.
You resist with almost no effort.
You enter the shallow water.
Moving in this stuff is going to be slow.
The water nymph casts a spell at you. The water swirls and strikes you!
* * * LOW HITPOINT WARNING * * *
You emit a cloud of dark smoke.
You see here a stone.
You feel better.
The siren chants a haunting song.
You are mesmerised by the siren!
You cannot move away from the siren!
You cannot move away from the siren!
You feel better. The harpy closely misses you. The harpy completely misses you.
The water nymph gestures at you while chanting.
The water swirls and strikes you!
You die...

≈≈≈≈≈≈≈≈≈≈
≈≈≈≈≈≈≈≈≈≈≈≈≈≈≈≈≈≈H.
≈≈≈≈≈≈≈≈≈PP≈≈≈≈≈≈..#
..≈≈≈P≈≈..≈≈≈≈≈≈≈..
...≈≈≈....P≈...≈..#
#..≈≈≈...P..≈.....###
...c≈≈......≈...H.P.###
...≈≈≈.........§H§§P..##c
........../....§@§§...P..
###(.≈(..###...§§§....PP.
#()≈≈≈.# #..m....##P...
#..≈(≈.###......## .P.
#..≈≈≈..##...###......#
#.....m≈mc....##P.... .
#.###.≈≈≈m≈.....P.#P. ###
#.[>.≈###...### . ##....#
.###


You could see a merfolk, a faun, a siren, a water nymph and 3 harpies.

Vanquished Creatures
  Kirke (D:13)
  Erolcha (D:11)
  3 hydras
  A naga warrior (Snake:1)
  3 anacondas
  8 vault guards (D:13)
  A death knight (D:11)
  A centaur warrior (D:13)
  A death yak (Lair:4)
  2 naga sharpshooters
  2 shock serpents
  Sonja (D:14)
  A lindwurm (Lair:5)
  A naga ritualist (Snake:3)
  An unseen horror (D:12)
  3 hill giants
  2 harpies (Shoals:1)
  4 mana vipers
  8 ugly things
  4 cyclopes
  2 manticores
  A deep elf mage (D:11)
  2 fauns
  2 salamanders
  A siren (Shoals:1)
  6 elephants
  4 centaur zombies
  8 black mambas
  4 naga magi
  8 spiny frogs
  A torpor snail (Lair:2)
  A gargoyle (D:13)
  A rime drake (Lair:2)
  6 komodo dragons
  A centaur skeleton (D:15)
  2 kobold demonologists
  A redback zombie (D:13)
  2 tengu conjurers (D:14)
  2 trolls
  5 blink frogs (Lair:1)
  3 two-headed ogres
  A merfolk (Shoals:1)
  A snapping turtle (Shoals:1)
  Prince Ribbit (D:5)
  7 slime creatures
  13 hippogriffs
  A meliai zombie (D:12)
  7 dream sheep
  A shadow (D:14)
  A spriggan (D:10)
  A vampire (D:10)
  20 yaks
  6 wyverns
  4 hogs (D:13)
  2 hungry ghosts (D:12)
  2 vampire mosquitoes (D:12)
  Grum (D:11)
  A mottled dragon (D:15)
  17 nagas
  7 water moccasins
  A soldier ant (D:11)
  10 porcupines
  12 orc warriors
  3 ice beasts
  A hornet zombie (D:12)
  2 eyes of draining
  5 sky beasts
  4 black bears
  7 ogres
  2 phantoms
  4 boggarts (D:14)
  13 wolves
  8 centaurs
  5 crocodiles
  3 big kobolds
  16 bullfrogs
  A gnoll sergeant (D:11)
  A wyvern skeleton (D:10)
  3 scorpions
  A water moccasin zombie (D:6)
  7 wights
  12 killer bees
  7 howler monkeys
  2 electric eels
  7 crimson imps
  9 hounds
  5 jellies
  A bullfrog zombie (D:11)
  7 orc priests
  3 orc wizards
  4 iguanas
  A gnoll shaman (D:5)
  6 worker ants
  A howler monkey zombie (D:8)
  3 worker ant zombies (D:10)
  21 gnolls
  10 adders
  4 shadow imps
  An ooze (D:4)
  2 adder zombies
  An adder skeleton (D:6)
  3 worms
  A dart slug (D:3)
  6 leopard geckos
  47 orcs
  3 ball pythons
  5 giant cockroaches
  11 goblins
  7 hobgoblins
  7 jackals
  4 quokkas
  16 bats
  2 frilled lizards
  16 kobolds
  2 quokka skeletons
  8 rats
  A butterfly (Lair:1)
  A fungus (Lair:3)
562 creatures vanquished.

Vanquished Creatures (others)
  A sky beast (D:13)
  3 fungi
  2 plants
6 creatures vanquished.

Grand Total: 568 creatures vanquished

Notes
Turn   | Place    | Note
-------+----------+-------------------------------------------
     0 | D:1      | Patate the Spriggan Enchanter began the quest for the Orb.
     0 | D:1      | Reached XP level 1. HP: 9/9 MP: 5/5
   347 | D:1      | Reached skill level 5 in Stealth
   456 | D:1      | Reached XP level 2. HP: 13/13 MP: 6/6
  1046 | D:1      | Learned a level 2 spell: Ensorcelled Hibernation
  2027 | D:2      | Reached skill level 6 in Stealth
  2169 | D:1      | Reached XP level 3. HP: 16/16 MP: 5/8
  3008 | D:2      | You fall through a shaft!
  4031 | D:2      | Reached XP level 4. HP: 14/21 MP: 4/9
  4187 | D:2      | Reached skill level 7 in Stealth
  4682 | D:3      | Reached XP level 5. HP: 24/24 MP: 5/10
  5012 | D:3      | Reached skill level 8 in Stealth
  5850 | D:4      | Noticed an orc warrior
  6237 | D:4      | Learned a level 3 spell: Confuse
  6257 | D:4      | Found a stormy altar of Qazlal.
  6273 | D:4      | Reached XP level 6. HP: 26/28 MP: 8/11
  6397 | D:4      | Reached skill level 5 in Short Blades
  6403 | D:4      | Killed an orc warrior
  6633 | D:4      | Reached XP level 7. HP: 32/32 MP: 12/12
  6654 | D:4      | Found a staircase to the Ecumenical Temple.
  6673 | Temple   | Entered the Ecumenical Temple
  7524 | D:5      | Entered Level 5 of the Dungeon
  7844 | D:5      | You fall through a shaft for 2 floors!
  8086 | D:6      | Reached skill level 9 in Stealth
  8382 | D:5      | Noticed Prince Ribbit
  8447 | D:5      | Killed Prince Ribbit
  8447 | D:5      | Reached skill level 5 in Dodging
  8447 | D:5      | Reached XP level 8. HP: 27/36 MP: 8/13
  8791 | D:5      | Reached skill level 10 in Stealth
  9309 | D:5      | Noticed Duvessa
  9310 | D:5      | Noticed Dowan
  9645 | D:6      | Found a radiant altar of Vehumet.
 10643 | D:7      | Reached skill level 11 in Stealth
 11224 | D:7      | Found an iron altar of Okawaru.
 11418 | D:8      | Reached XP level 9. HP: 27/39 MP: 10/14
 11565 | D:8      | Reached skill level 12 in Stealth
 11661 | D:8      | Reached skill level 10 in Dodging
 11728 | D:8      | Reached skill level 13 in Stealth
 11796 | D:8      | Reached skill level 1 in Fighting
 12113 | D:8      | Found a staircase to the Lair.
 12130 | Lair:1   | Entered Level 1 of the Lair of Beasts
 12166 | Lair:1   | Reached skill level 14 in Stealth
 12610 | D:9      | Learned a level 2 spell: Blink
 12761 | D:9      | Found a flagged portal.
 12894 | D:9      | Reached XP level 10. HP: 49/49 MP: 11/15
 12901 | D:9      | Found a shadowy altar of Dithmenos.
 12916 | D:9      | Became a worshipper of Dithmenos the Shadowed
 13221 | D:10     | Entered Level 10 of the Dungeon
 13729 | D:10     | Found Ygyunwih's Armour Shoppe.
 13748 | D:10     | Identified the Handbook of Mutagenic Envenoming
 14469 | D:10     | Reached skill level 15 in Stealth
 14521 | D:10     | Noticed a hill giant
 14796 | D:10     | Killed a hill giant
 14796 | D:10     | Reached skill level 5 in Fighting
 15055 | D:10     | Noticed a hill giant
 15350 | D:10     | Found a portal to a secret trove of treasure.
 15695 | D:11     | Reached * piety under Dithmenos
 15725 | D:11     | Noticed a deep elf mage
 16508 | D:11     | Killed a deep elf mage
 16630 | D:11     | Noticed a red ugly thing
 16919 | D:8      | Reached XP level 11. HP: 31/58 MP: 7/16
 17172 | Lair:1   | Noticed a seven-headed hydra
 17215 | Lair:1   | Killed a seven-headed hydra
 17215 | Lair:1   | Reached skill level 10 in Short Blades
 17844 | Lair:1   | Reached ** piety under Dithmenos
 19119 | Lair:2   | Reached skill level 10 in Fighting
 20263 | Lair:3   | Found a staircase to the Shoals.
 20265 | Lair:3   | Reached XP level 12. HP: 67/67 MP: 17/17
 21009 | Lair:3   | Reached *** piety under Dithmenos
 22365 | Lair:3   | Found a staircase to the Snake Pit.
 23223 | Lair:4   | Noticed an eight-headed hydra
 23690 | Lair:4   | Got a coiled golden ring
 23733 | Lair:4   | Reached skill level 15 in Dodging
 24270 | Lair:4   | Found a blossoming altar of Fedhas.
 24542 | Lair:3   | Reached skill level 16 in Stealth
 25338 | Lair:5   | Noticed a death yak
 25606 | Lair:3   | Killed an eight-headed hydra
 26000 | Lair:4   | Killed a death yak
 26195 | Lair:5   | Reached **** piety under Dithmenos
 26196 | Lair:5   | Reached skill level 5 in Hexes
 26235 | Lair:5   | Reached skill level 17 in Stealth
 26294 | Lair:5   | Noticed a death yak
 26295 | Lair:5   | Found a staircase to the Slime Pits.
 26295 | Lair:5   | Noticed a death yak
 26323 | Lair:5   | Found a viscous altar of Jiyva.
 26870 | D:11     | Reached XP level 13. HP: 47/72 MP: 11/20
 26967 | D:11     | Noticed Erolcha
 27478 | D:11     | Killed Erolcha
 27478 | D:11     | Reached skill level 5 in Spellcasting
 27538 | D:11     | Found a roughly hewn altar of Beogh.
 27538 | D:11     | Found a staircase to the Orcish Mines.
 27661 | D:11     | Noticed Grum
 27669 | D:11     | Killed Grum
 27821 | Orc:1    | Entered Level 1 of the Orcish Mines
 28118 | D:11     | Reached ***** piety under Dithmenos
 28613 | D:12     | You fall through a shaft for 3 floors!
 28613 | D:15     | Entered Level 15 of the Dungeon
 28872 | D:14     | Reached skill level 18 in Stealth
 28905 | D:13     | Noticed Kirke
 28926 | D:13     | Found a gate to the Vaults.
 30449 | D:12     | Reached skill level 19 in Stealth
 30905 | D:13     | Identified the ring of Votup {AC+2 Slay+2} (You found it on level 4 of the Lair of Beasts)
 31510 | D:13     | Killed Kirke
 32166 | D:13     | Reached XP level 14. HP: 77/77 MP: 24/27
 32190 | D:13     | Reached skill level 20 in Stealth
 33274 | D:14     | Noticed Sonja
 33277 | D:14     | Killed Sonja
 33277 | D:14     | Reached ****** piety under Dithmenos
 33631 | D:14     | Reached skill level 1 in Evocations
 34470 | D:11     | Reached skill level 21 in Stealth
 34517 | Orc:1    | Found Nusor's Distillery.
 34748 | Orc:1    | Bought a potion of invisibility for 80 gold pieces
 34748 | Orc:1    | Bought a potion of heal wounds for 50 gold pieces
 34748 | Orc:1    | Bought a potion of beneficial mutation for 350 gold pieces
 34763 | D:11     | Gained mutation: Your spells are a little harder to cast, but a little more powerful. [potion of beneficial mutation]
 34778 | D:11     | Lost mutation: Your spells are a little harder to cast, but a little more powerful. [potion of cure mutation]
 35006 | Snake:1  | Entered Level 1 of the Snake Pit
 35979 | Snake:4  | Entered Level 4 of the Snake Pit
 35992 | Snake:4  | Noticed a nagaraja
 36247 | Snake:3  | Reached skill level 5 in Evocations
 36537 | Snake:3  | Reached skill level 22 in Stealth
 36988 | Snake:3  | Noticed a nagaraja
 38600 | Shoals:1 | Entered Level 1 of the Shoals
 38884 | Shoals:3 | Found a frozen archway.
 38884 | Shoals:3 | Noticed a white very ugly thing
 38974 | Shoals:2 | Killed from afar by a water nymph

Skill      XL: |  1  2  3  4  5  6  7  8  9 10 11 12 13 14 |
---------------+-------------------------------------------+-----
Stealth        | 5 6 7 8 9 11 14 15 17 19 22 | 22.6
Short Blades   | 2 3 4 6 7 8 9 10 | 10.0
Dodging        | 5 8 10 11 15 | 15.0
Fighting       | 3 6 10 | 10.0
Spellcasting   | 4 8 9 |  9.0
Hexes          | 5 8 9 |  9.0
Evocations     | 6 |  6.8

Action                   |  1- 3 |  4- 6 |  7- 9 | 10-12 | 13-15 || total
-------------------------+-------+-------+-------+-------+-------++-------
Melee: Dagger            |   311 |   117 |   442 |   975 |   810 ||  2655
 Cast: Corona            |    19 |     7 |     5 |    15 |    14 ||    60
       Ensorcelled Hiber |    13 |    27 |    38 |   182 |   206 ||   466
       Confuse           |       |       |    17 |    52 |    83 ||   152
       Blink             |       |       |       |     2 |     4 ||     6
Invok: Shadow Step       |       |       |       |     1 |     1 ||     2
Evoke: Wand              |       |       |     2 |       |     2 ||     4
  Use: Scroll            |     6 |     5 |     8 |    10 |     8 ||    37
       Potion            |     1 |       |       |     5 |    11 ||    17
 Stab: Sleeping          |    17 |    30 |    44 |    94 |   120 ||   305
       Confused          |       |       |     5 |    18 |    37 ||    60
       Distracted        |       |       |     2 |     2 |     6 ||    10
  Eat: Bread ration      |     1 |       |     2 |     1 |     2 ||     6
       Pizza             |       |       |       |     5 |       ||     5
       Fruit             |       |       |       |    13 |     3 ||    16
Armor: Robe              |    47 |    12 |    22 |    20 |    21 ||   122
Dodge: Dodged            |   282 |    84 |   251 |   745 |   602 ||  1964
